 Dungeon Crawl Stone Soup version 0.31.0-11-ge490571c62 (webtiles) character file.

Game seed: 16297937149849940572

2048 qw the Skirmisher (level 9, -2/44 HPs)
             Began as a Spriggan Hunter on Feb 4, 2024.
             Slain by a gnoll
             ... wielding a +0 spear
             ... led by a gnoll sergeant
              (3 damage)
             ... on level 5 of the Dungeon.
             The game lasted 00:00:26 (3852 turns).

qw the Skirmisher (Spriggan Hunter)                 Turns: 3852, Time: 00:00:26

Health: -2/44      AC:  2    Str:  7    XL:     9   Next: 4%
Magic:  10/10      EV: 26    Int: 10    God:
Gold:   252        SH:  0    Dex: 23    Spells: 8/8 levels left

rFire   . . .        a - +1 shortbow
rCold   . . .        (shield currently unavailable)
rNeg    . . .        c - +0 robe
rPois   .            (helmet restricted)
rElec   .            (no cloak)
rCorr   .            (gloves unavailable)
SInv    +            (boots unavailable)
Will    +....        (no amulet)
Stlth   ++           (no ring)
HPRegen 0.27/turn    (no ring)
MPRegen 0.12/turn

%: no passive effects
@: about to teleport, very quick
A: very small, no large weapons, unfitting armour, see invisible, speed 3
a: no special abilities


You were on level 5 of the Dungeon.
You visited 1 branch of the dungeon, and saw 5 of its levels.

You collected 252 gold pieces.


Innate Abilities, Weirdness & Mutations

You are very small and have problems with some larger weapons.
You are too small for most types of armour.
You have supernaturally acute eyesight. (SInv)
You cover ground extremely quickly. (Speed+++)


   Skills:
 - Level 3.2 Fighting
 - Level 9.9 Ranged Weapons
 + Level 9.3 Dodging
 - Level 1.5 Stealth


You had 8 spell levels left.
You didn't know any spells.
Your spell library was empty.

Inventory:

Hand Weapons
 a - a +1 shortbow (weapon)
Armour
 c - a +0 robe (worn)
Wands
 b - a wand of roots (7)
Scrolls
 d - a scroll of enchant armour
 i - 2 scrolls of teleportation
Potions
 e - a potion of degeneration {unknown}
 f - a potion of might
 g - a potion of enlightenment
 h - 5 potions of curing

Dungeon Overview and Level Annotations

Branches:
Dungeon (5/15)
 Temple: D:4-7

Altars:

Shops:
D:4 (


Message History

Enter note:
Enter note:
Enter note:
Enter note:
Enter note:
Enter note: You shoot an arrow.
The arrow barely misses the gnoll.
The arrow hits the gnoll sergeant.
The gnoll sergeant is lightly wounded.
The gnoll misses you. The gnoll closely misses you.
You shoot an arrow.
The arrow hits the gnoll but does no damage.
The gnoll sergeant barely misses you.
The gnoll hits you from afar with a +0 spear.
The gnoll hits you with a +0 flail of protection!
You shoot an arrow. The arrow hits the gnoll.
The gnoll is moderately wounded.
The gnoll misses you. x2; The gnoll sergeant misses you.
You shoot an arrow. The arrow hits the gnoll.
The gnoll is moderately wounded.
The gnoll completely misses you.
The gnoll hits you from afar with a +0 spear.
You shoot an arrow. The arrow hits the gnoll!
You kill the gnoll!
The gnoll sergeant completely misses you.
The gnoll closely misses you.
You shoot an arrow. The arrow hits the gnoll!
The gnoll is almost dead.
The gnoll misses you. The gnoll closely misses you.
You shoot an arrow. The arrow hits the gnoll.
You kill the gnoll!
The gnoll sergeant hits you from afar with a +3 heavy trident!!
The gnoll barely misses you.
3852 ||| READING 3 scrolls of teleportation.
As you read the scroll of teleportation, it crumbles to dust.
You feel strangely unstable.
The gnoll sergeant hits you from afar with a +3 heavy trident!
The gnoll hits you with a +0 whip.
The gnoll hits you from afar with a +0 spear.
You die...

#.##...........#.................
#......#.........................
######...........................
.............>...................
...........##.##....#..........#.
###.....##.....#.[.............#.
# #.....##..............##.......
# #......#..~~~~.~~~~... #.......
# ##.>...#..~##~@~##~... ##......
# ###....#..~###g## ........... #
#.........~~#ggg#~~.....#.#.... #
#.........~~#...#~~............ #
#.........~~#.$.#~~.....#.##... #
#.........~#######~............
###.........~##~~~##~............
............~~~~~~~~~............
###..............................


You could see a gnoll sergeant and 3 gnolls.

Vanquished Creatures
  Pikel (D:5)
  Sigmund (D:5)
  Eustachio (D:4)
  Menkaure (D:4)
  A water moccasin (D:5)
  A black bear (D:5)
  2 ogres
  3 phantoms
  3 bombardier beetles
  A gnoll bouda (D:5)
  2 iguanas
  Jessica (D:2)
  Ijyb (D:4)
  An orc wizard (D:3)
  7 adders
  12 gnolls
  2 shadow imps
  A white imp (D:5)
  An adder zombie (D:2)
  3 dart slugs
  A ribbon worm (D:3)
  8 orcs
  2 ball pythons (D:1)
  3 bat skeletons (D:2)
  A bat zombie (D:2)
  10 endoplasms
  3 giant cockroaches
  8 goblins
  6 hobgoblins
  10 jackals
  4 quokkas
  6 bats
  3 frilled lizards
  6 kobolds
  A quokka skeleton (D:2)
  A quokka zombie (D:2)
  6 rats
125 creatures vanquished.

Notes
Turn   | Place    | Note
-------+----------+-------------------------------------------
     0 | D:1      | qw the Spriggan Hunter began the quest for the Orb.
     0 | D:1      | Reached XP level 1. HP: 10/10 MP: 2/2
     0 | D:1      | 0 ||| qw: Version: 0.3-a-160-g6735b56
     0 | D:1      | 0 ||| qw: Game counter: 4324
     0 | D:1      | 0 ||| qw: Melee chars always use a shield: true
     0 | D:1      | 0 ||| qw: God list: Okawaru
     0 | D:1      | 0 ||| qw: Allow faded altars: false
     0 | D:1      | 0 ||| qw: Do Orc after clearing Dungeon:15 true
     0 | D:1      | 0 ||| qw: Do second Lair branch before Depths: true
     0 | D:1      | 0 ||| qw: Lair rune preference: random
     0 | D:1      | 0 ||| qw: Goals: Normal
     0 | D:1      | 0 ||| PLANNING D:1-11
    13 | D:1      | Reached skill level 3 in Dodging
    29 | D:1      | Reached XP level 2. HP: 14/14 MP: 3/3
   237 | D:1      | Reached XP level 3. HP: 18/18 MP: 4/4
   601 | D:1      | 601 ||| READING scroll labelled LOUNAC XOUZ.
   602 | D:1      | 602 ||| READING scroll labelled HULIUFAPLA.
   606 | D:1      | 606 ||| READING scroll labelled TAUH TICOAGYES.
   607 | D:1      | 607 ||| READING scroll labelled KEVOOXUWKY.
   608 | D:1      | 608 ||| READING scroll labelled LAUCUU VOBOF LUSCH.
   608 | D:1      | 608 ||| IDENTIFYING fizzy yellow potion
   609 | D:1      | 609 ||| DROPPING scroll of butterflies.
   611 | D:1      | 611 ||| Stepping ~*~*~tactically~*~*~ (cloud).
   619 | D:1      | HP: 4/18 [poisoned by you (poison gas)]
   818 | D:2      | Reached XP level 4. HP: 22/22 MP: 5/5
   881 | D:2      | Noticed Jessica
   882 | D:2      | Killed Jessica
  1649 | D:2      | 1649 ||| READING 2 scrolls of identify.
  1649 | D:2      | 1649 ||| IDENTIFYING orange potion
  1650 | D:2      | 1650 ||| READING scroll of identify.
  1650 | D:2      | 1650 ||| IDENTIFYING bubbling brown potion
  1651 | D:2      | 1651 ||| READING scroll labelled UGOJINASUN.
  1651 | D:2      | 1651 ||| ENCHANTING +0 shortbow.
  1652 | D:2      | 1652 ||| READING scroll labelled ZAAGOI DORY.
  1652 | D:2      | 1652 ||| ENCHANTING +1 shortbow.
  1653 | D:2      | 1653 ||| DROPPING potion of brilliance.
  1741 | D:3      | Reached XP level 5. HP: 22/26 MP: 6/6
  2353 | D:3      | 2353 ||| READING scroll labelled KECEMA PEDUZEF.
  2393 | D:4      | Noticed Menkaure
  2399 | D:4      | Killed Menkaure
  2400 | D:4      | Reached skill level 6 in Ranged Weapons
  2400 | D:4      | Reached XP level 6. HP: 25/30 MP: 7/7
  2435 | D:4      | Reached skill level 6 in Dodging
  2654 | D:4      | Found Qooja's Weapon Shoppe.
  2662 | D:4      | 2662 ||| SHOPLISTING +6 shortbow of draining (411 gold,
                  | have 222).
  2703 | D:4      | Noticed Ijyb
  2714 | D:4      | Killed Ijyb
  2815 | D:4      | Reached XP level 7. HP: 35/35 MP: 8/8
  2877 | D:4      | Noticed Eustachio
  2878 | D:4      | 2878 ||| ZAPPING wand of paralysis (5) at 4,-7 (Eustachio;
                  | floor).
  2893 | D:4      | 2893 ||| FLEEEEING.
  2896 | D:4      | 2896 ||| FLEEEEING.
  2897 | D:4      | 2897 ||| FLEEEEING.
  2900 | D:4      | 2900 ||| FLEEEEING.
  2906 | D:4      | Killed Eustachio
  3121 | D:4      | 3121 ||| READING 3 scrolls of identify.
  3121 | D:4      | 3121 ||| IDENTIFYING brown potion
  3122 | D:4      | 3122 ||| READING 2 scrolls of identify.
  3122 | D:4      | 3122 ||| IDENTIFYING viscous pink potion
  3123 | D:4      | 3123 ||| READING scroll of identify.
  3123 | D:4      | 3123 ||| IDENTIFYING blue potion
  3124 | D:4      | 3124 ||| DROPPING potion of ambrosia.
  3125 | D:4      | 3125 ||| DROPPING potion of berserk rage.
  3140 | D:5      | Entered Level 5 of the Dungeon
  3142 | D:5      | Noticed Sigmund
  3143 | D:5      | 3143 ||| ZAPPING wand of paralysis (4) at 7,-1 (Sigmund;
                  | floor).
  3145 | D:5      | 3145 ||| STAIRDANCE
  3152 | D:5      | 3152 ||| STAIRDANCE
  3158 | D:5      | 3158 ||| ZAPPING wand of paralysis (3) at 5,0 (Sigmund;
                  | floor).
  3165 | D:5      | Killed Sigmund
  3166 | D:5      | Reached XP level 8. HP: 39/39 MP: 9/9
  3365 | D:5      | Reached skill level 3 in Fighting
  3367 | D:5      | Noticed Pikel
  3368 | D:5      | 3368 ||| RETREEEEATING.
  3369 | D:5      | 3369 ||| RETREEEEATING.
  3370 | D:5      | 3370 ||| RETREEEEATING.
  3371 | D:5      | 3371 ||| RETREEEEATING.
  3372 | D:5      | 3372 ||| RETREEEEATING.
  3373 | D:5      | 3373 ||| RETREEEEATING.
  3378 | D:5      | 3378 ||| RETREEEEATING.
  3380 | D:5      | 3380 ||| ZAPPING wand of paralysis (4) at -1,0 (Pikel;
                  | floor).
  3381 | D:5      | 3381 ||| ZAPPING wand of paralysis (3) at -1,0 (Pikel;
                  | floor).
  3382 | D:5      | 3382 ||| ZAPPING wand of paralysis (2) at -1,0 (Pikel;
                  | floor).
  3383 | D:5      | 3383 ||| ZAPPING wand of paralysis (1) at -1,0 (Pikel;
                  | floor).
  3404 | D:5      | Killed Pikel
  3405 | D:5      | Reached skill level 9 in Ranged Weapons
  3631 | D:5      | 3631 ||| READING scroll of identify.
  3631 | D:5      | 3631 ||| IDENTIFYING fizzy orange potion
  3632 | D:5      | 3632 ||| READING scroll labelled YSOHIS TURCHU.
  3633 | D:5      | 3633 ||| DROPPING potion of attraction.
  3687 | D:5      | Reached skill level 9 in Dodging
  3687 | D:5      | Reached XP level 9. HP: 44/44 MP: 10/10
  3851 | D:5      | HP: 11/44 [gnoll sergeant/+3 heavy trident (18)]
  3852 | D:5      | 3852 ||| READING 3 scrolls of teleportation.
  3852 | D:5      | HP: 2/44 [gnoll sergeant/+3 heavy trident (9)]
  3852 | D:5      | Slain by a gnoll

Levels and vault maps discovered:
D:1:      dpeg_arrival_renting, layout_basic
D:2:      layout_loops_corners, serial_undead, serial_undead_e, serial_undead_f,
          serial_undead_e, serial_undead_b, serial_undead_f, serial_undead_d,
          serial_undead_d, serial_undead_b, minmay_strange_pillars, uniq_jessica
D:3:      layout_basic
D:4:      layout_loops_cross, serial_shops, nicolae_shop_bloodbath_and_beyond,
          uniq_ijyb, uniq_eustachio, uniq_menkaure
D:5:      minmay_inner_zag, layout_basic, lightli_minifort, uniq_sigmund,
          uniq_pikel

Skill      XL: |  1  2  3  4  5  6  7  8 |
---------------+-------------------------+-----
Dodging        | 3 4 5 6 7 9 |  9.3
Ranged Weapons | 5 6 7 8 9 |  9.9
Fighting       | 2 3 |  3.2
Stealth        | |  1.5

Action                     |  1- 3 |  4- 6 |  7- 9 || total
---------------------------+-------+-------+-------++-------
   Fire: Shortbow          |   116 |   142 |   186 ||   444
  Evoke: Wand              |       |       |     7 ||     7
    Use: Scroll            |     5 |     5 |     6 ||    16
 Armour: Robe              |    13 |    13 |    25 ||    51
  Dodge: Dodged            |    49 |    35 |    75 ||   159

Table legend:
 A = Non-vault XP
 B = Vault XP
 C = Vault XP percentage of total XP
 D = Non-vault monster count
 E = Vault monster count
 F = Vault count percentage of total count
                 A         B        C        D         E       F
            +---------+---------+-------+---------+---------+-------
      Total |    1208 |    1718 |  58.7 |     105 |      20 |  16.0
            +---------+---------+-------+---------+---------+-------
        D:1 |      72 |       0 |   0.0 |      34 |       0 |   0.0
        D:2 |      49 |      53 |  52.0 |      21 |       8 |  27.6
        D:3 |     110 |       0 |   0.0 |      18 |       0 |   0.0
        D:4 |     548 |     408 |  42.7 |      21 |       3 |  12.5
        D:5 |     429 |    1257 |  74.6 |      11 |       9 |  45.0
            +---------+---------+-------+---------+---------+-------
